 Dungeon Crawl Stone Soup version 0.30.1-11-g7821555f0a (webtiles) character file.

Game seed: 10856699103802000101

561 hejka26 the Trooper (level 7, -6/78 HPs)
             Began as an Ogre Berserker on Nov 1, 2023.
             Was a Priest of Trog.
             Mangled by an ogre
             ... wielding a +0 giant club
              (13 damage)
             ... on level 5 of the Dungeon.
             The game lasted 00:19:57 (5331 turns).

hejka26 the Trooper (Ogre Berserker)                Turns: 5331, Time: 00:19:57

Health: -6/78      AC:  5    Str: 24      XL:     7   Next: 31%
Magic:  7/7        EV: 11    Int:  5 (8)  God:    Trog [***...]
Gold:   266        SH:  0    Dex: 14      Spells: 6/6 levels left

rFire   + . .        w - +0 giant spiked club
rCold   + . .        (shield currently unavailable)
rNeg    . . .        k - +2 robe {Will+}
rPois   .            (helmet restricted)
rElec   .            f - scarf {rC+ rF+}
rCorr   .            (gloves unavailable)
SInv    .            (boots unavailable)
Will    +++..        (no amulet)
Stlth   +            e - +6 ring of dexterity
HPRegen 1.33/turn    (no ring)
MPRegen 0.10/turn

%: no passive effects
@: strong-willed, regenerating
A: large, unfitting armour, tough skin 1
a: Renounce Religion, Berserk, Trog's Hand


You were on level 5 of the Dungeon.
You worshipped Trog.
Trog was most pleased with you.
You visited 1 branch of the dungeon, and saw 5 of its levels.

You collected 266 gold pieces.

Inventory:

Hand Weapons
 a - a +0 hand axe
 j - a +3 dagger of speed
 q - a +1 hand axe of flaming
 w - a +0 giant spiked club (weapon)
Missiles
 o - 10 poisoned darts (quivered)
Armour
 b - a +0 animal skin
 c - a +0 scale mail
 d - a +0 robe
 f - a scarf of resistance (worn)
 h - a +0 plate armour
 k - a +2 robe of willpower (worn)
 l - a +1 pair of gloves
 s - a +2 cloak
Jewellery
 e - a +6 ring of dexterity (left hand)
Wands
 t - a wand of acid (8)
Scrolls
 g - 2 scrolls of amnesia
 i - 3 scrolls of identify
 n - a scroll of noise
 u - a scroll of immolation
 v - a scroll of teleportation
Potions
 m - a potion of magic
 p - a potion of haste {unknown}
 r - a potion of berserk rage {unknown}
 x - a potion of lignification
 z - a potion of might {unknown}


   Skills:
 + Level 7.0 Fighting
 + Level 5.3 Axes
 + Level 4.8 Dodging


You had 6 spell levels left.
You didn't know any spells.
Your spell library contained the following spells:

 Spells                   Type           Power      Damage    Failure   Level
 Blink                    Tloc           0%         N/A       63%         2
 Lesser Beckoning         Tloc           0%         N/A       63%         2
 Momentum Strike          Conj/Tloc      0%         3d8       63%         2
 Gell's Gravitas          Tloc           0%         N/A       85%         3
 Hailstorm                Conj/Ice       0%         3d3       85%         3
 Teleport Other           Tloc           0%         N/A       85%         3
 Ice Form                 Ice/Tmut       0%         N/A       99%         4
 Simulacrum               Ice/Necr       0%         N/A       100%        6


Dungeon Overview and Level Annotations

Branches:
Dungeon (5/15)
 Temple: D:4-7

Altars:
Cheibriados
Hepliaklqana
Makhleb
Qazlal
Ru
Uskayaw

Shops:
D:2 ?   D:3 ?

Annotations:
D:5 1 transporter, laros's ghost, novice MiBe


Innate Abilities, Weirdness & Mutations

You are too large for most types of armour.
You have tough skin. (AC +1)


Message History

You enter the shallow water.
You enter the shallow water.
You enter the shallow water.
You see here a +0 robe.
You see here a +0 cloak.
Found a transporter.
The ogre shouts!
Laros's ghost turns its malevolent gaze towards you.
o - 10 poisoned darts (gained 5)
You start waiting.
Laros's ghost says, "I'll split you in two!"
Laros's ghost screams in joy, "As in life, so in death: Kill!
Kill!!
Kill!!!"
Laros's ghost mumbles, "They all look like pillowcases to me..."
Laros's ghost lets out a mournful wail.
Laros's ghost mumbles, "They all look like pillowcases to me..."
Laros's ghost whispers, "The ORB doesn't exist."
No reachable target in view!
No reachable target in view!
No reachable target in view!
There is a transporter here.
You enter the transporter and appear at another place.
Found a transporter.
Laros's ghost hits you! The ogre barely misses you.
You puncture laros's ghost!
Laros's ghost is lightly damaged.
Laros's ghost closely misses you.
The ogre hits you with a +0 giant club!!
Laros's ghost hits you.
You hit laros's ghost but do no damage.
Laros's ghost is lightly damaged.
Laros's ghost closely misses you.
The ogre hits you with a +0 giant club!!
Laros's ghost hits you!
* * * LOW HITPOINT WARNING * * *
The ogre hits you with a +0 giant club!
* * * LOW HITPOINT WARNING * * *
Your skin crawls.
You feel strong-willed. The ogre hits you with a +0 giant club!
You die...

≈............#######
.))##.##...#.......###
...##.###..########..# ...##.#
#..#.....©##.# ...##.#
#..#.#..#.##.# ..###.#
#..#..##..##.# ..# #.#
#..#..##..#..#
#####.###.©#.#.O#.##.#########
####.......#$..O@©#..........#
......###.©#$#OW#.##.#######.#
##.#### #..#..##..#..# #.# #.#
#..#..##..#..# #.# #.#
#..#.#..#.#..#######.#
#.######..#......#.......##.#
#.........#########.####.##.#
###########.#.#####.# #.##.#
#.........# ##.##.#


You could see 3 ogres and laros's ghost.

Vanquished Creatures
  An ogre (D:5)
  A scorpion (D:4)
  A hound (D:5)
  Jessica (D:2)
  An iguana (D:5)
  An orc wizard (D:5)
  Natasha (thrice) (D:3)
  Robin (D:2)
  4 gnolls (D:4)
  5 adders
  An ufetubus (D:5)
  4 worms
  2 dart slugs
  3 orcs
  10 ball pythons
  9 endoplasms
  6 giant cockroaches
  14 goblins
  11 hobgoblins
  5 jackals (D:3)
  10 quokkas
  9 bats
  3 frilled lizards
  7 kobolds
  7 rats
120 creatures vanquished.

Notes
Turn   | Place    | Note
-------+----------+-------------------------------------------
     0 | D:1      | hejka26 the Ogre Berserker began the quest for the Orb.
     0 | D:1      | Reached XP level 1. HP: 24/24 MP: 1/1
    44 | D:1      | Reached XP level 2. HP: 21/32 MP: 2/2
   344 | D:1      | Reached XP level 3. HP: 39/40 MP: 3/3
   588 | D:1      | Reached ** piety under Trog
   905 | D:2      | Noticed Robin
   918 | D:2      | Killed Robin
   919 | D:2      | Reached XP level 4. HP: 49/49 MP: 4/4
   958 | D:2      | Reached skill level 5 in Fighting
   971 | D:2      | Found Ifaff's Magic Scroll Emporium.
  1083 | D:2      | Noticed Jessica
  1089 | D:2      | Killed Jessica
  1541 | D:3      | Noticed Natasha
  1541 | D:3      | Found Gimos's Magic Scroll Boutique.
  1546 | D:3      | Killed Natasha
  1547 | D:3      | Reached XP level 5. HP: 57/57 MP: 5/5
  1950 | D:3      | Noticed Natasha
  1958 | D:3      | Killed Natasha
  2131 | D:3      | Noticed Natasha
  2143 | D:3      | Killed Natasha
  2230 | D:3      | Reached XP level 6. HP: 67/67 MP: 6/6
  2524 | D:4      | Reached skill level 6 in Fighting
  2610 | D:4      | Reached *** piety under Trog
  2785 | D:4      | Found a burning altar of Makhleb.
  3762 | D:5      | Entered Level 5 of the Dungeon
  3881 | D:5      | Found a snail-covered altar of Cheibriados.
  3884 | D:5      | Found a hide-covered altar of Uskayaw.
  3890 | D:5      | Found a hazy altar of Hepliaklqana.
  3891 | D:5      | Found a sacrificial altar of Ru.
  4074 | D:5      | Found a glowing drain.
  4199 | D:5      | Found a stormy altar of Qazlal.
  4233 | D:5      | Reached skill level 5 in Axes
  4233 | D:5      | Reached XP level 7. HP: 69/76 MP: 7/7
  4279 | D:5      | Noticed laros's ghost (novice MiBe)
  4279 | D:5      | Identified the +10 great mace "Ahyf" {heavy, rC+ Will++}
  4982 | D:5      | Reached skill level 7 in Fighting
  5223 | D:5      | Found a transporter.
  5325 | D:5      | Found a transporter.
  5331 | D:5      | Mangled by an ogre

Illustrated notes

Levels and vault maps discovered:
D:1:      spicycebolla_arrival_ecumenical, layout_rooms, kennysheep_minor_cross,
          serial_bayou_pond_b, chequers_hall_statues_y, feat_on_display
D:2:      layout_basic, serial_shops, nicolae_shop_rolled_up, uniq_robin,
          uniq_jessica
D:3:      cheibrodos_helix_gallery, layout_basic, serial_shops, shop,
          minmay_cupped, uniq_natasha
D:4:      layout_gridville, mainiacjoe_overflow_24_doors
D:5:      layout_loops_ring, nicolae_qazlal_general_emergency, minitemple,
          gammafunk_ghost_smash, gup_sewer_entry_pipe,
          amcnicky_mini_corridor_feature

Skill      XL: |  1  2  3  4  5  6  7 |
---------------+----------------------+-----
Dodging        | 3 4 |  4.8
Fighting       | 5 6 7 |  7.0
Axes           | 4 5 |  5.3

Action                     |  1- 3 |  4- 6 |  7- 9 || total
---------------------------+-------+-------+-------++-------
  Melee: Hand axe          |    75 |   194 |    15 ||   284
         Punch             |     1 |       |     1 ||     2
         Giant spiked club |       |       |    15 ||    15
 Invoke: Berserk           |     2 |     5 |     1 ||     8
         Trog's Hand       |       |       |     1 ||     1
    Use: Scroll            |     3 |     9 |       ||    12
         Potion            |     1 |     7 |       ||     8
   Stab: Sleeping          |       |     3 |       ||     3
 Armour: Animal skin       |    14 |       |       ||    14
         Robe              |    17 |    67 |    12 ||    96
  Dodge: Dodged            |    60 |   128 |    27 ||   215
